 Dungeon Crawl Stone Soup version 0.16-a0-1816-g2c93a98 (webtiles) character file.

31261 ztt the Unseen (level 13, 0/85 HPs)
             Began as a Vampire Enchanter on Nov 3, 2014.
             Was a High Priest of Sif Muna.
             Slain by a spriggan
             ... wielding a +0 dagger
              (5 damage)
             ... on level 8 of the Lair of Beasts.
             The game lasted 01:14:32 (23174 turns).

ztt the Unseen (Vampire Enchanter)                 Turns: 23174, Time: 01:14:32

Health: 0/85       AC:  8    Str:  7    XL:     13   Next: 25%
Magic:  2/28       EV: 20    Int: 23    God:    Sif Muna [*****.]
Gold:   933        SH:  0    Dex: 16    Spells: 4 memorised, 17 levels left

rFire  . . .     SeeInvis +     a - +3 dagger
rCold  + . .     Clarity  .     b - +1 robe
rNeg   + + +     SustAb   .     (no shield)
rPois  +         Gourm    .     p - +1 helmet
rElec  .         Spirit   .     j - +1 cloak
rCorr  .         Warding  +     (no gloves)
rMut   .         Stasis   .     e - +0 pair of boots
MR     +....                    J - amulet of warding
Stlth  +++++++++.               d - +1 ring of evasion
                                O - +4 ring of intelligence

@: very slightly contaminated, regenerating slowly, invisible, somewhat
resistant to hostile enchantments, incredibly stealthy
A: bottle blood, fangs 3, see invisible, unbreathing
a: Bat Form, Bottle Blood, Channel Energy, Forget Spell, Renounce Religion


You were on level 8 of the Lair of Beasts.
You worshipped Sif Muna.
Sif Muna was extremely pleased with you.
You were very thirsty.

You visited 3 branches of the dungeon, and saw 17 of its levels.

You collected 933 gold pieces.

Inventory:

Hand weapons
 a - a +3 dagger (weapon)
Armour
 b - a +1 robe (worn)
 e - a +0 pair of boots (worn)
 j - a +1 cloak (worn)
 p - a +1 helmet (worn)
Jewellery
 d - a +1 ring of evasion (right hand)
 h - an uncursed ring of wizardry {unknown}
 r - an uncursed ring of protection from magic
 w - an uncursed ring of poison resistance
 x - an uncursed ring of fire
 z - an uncursed amulet of regeneration
 C - an uncursed amulet of stasis
 J - an amulet of warding (around neck)
 O - a +4 ring of intelligence (left hand)
 P - the ring "Aluad" {+Blink MR+}
   (You found it on level 4 of the Lair of Beasts)

   [ring of protection from magic]

   It affects your resistance to hostile enchantments.
   It lets you blink.
 S - an uncursed ring of protection from fire {unknown}
 T - an uncursed amulet of clarity {unknown}
 U - an uncursed amulet of guardian spirit {unknown}
Magical devices
 l - a wand of slowing (24)
 G - a wand of flame (19)
 H - a wand of draining (7)
 Q - a wand of frost (31)
Scrolls
 f - 5 scrolls of remove curse
 i - 3 scrolls of amnesia
 t - 3 scrolls of recharging
 I - a scroll of enchant weapon
 L - a scroll of fog
 R - a scroll of magic mapping
Potions
 k - 2 potions of berserk rage
 m - 4 potions of resistance
 n - 3 potions of curing
 q - 3 potions of restore abilities
 u - 5 potions of might
 v - a potion of brilliance
 A - 3 potions of mutation {unknown}
 E - 2 potions of degeneration
 K - a potion of lignification
Books
 c - a book of Maledictions

   Spells                             Type                      Level
   *Corona                            Hexes                        1
   Sure Blade                         Hexes/Charms                 2
   *Ensorcelled Hibernation           Hexes/Ice                    2
   *Confuse                           Hexes                        3
   Dazzling Spray                     Conjuration/Hexes            3
   *Enslavement                       Hexes                        4
 s - a book of Clouds

   Spells                             Type                      Level
   Mephitic Cloud                     Conjuration/Poison/Air       3
   Conjure Flame                      Conjuration/Fire             3
   Poisonous Cloud                    Conjuration/Poison/Air       6
   Freezing Cloud                     Conjuration/Ice/Air          6
   Ring of Flames                     Charms/Fire                  7
 y - a Grand Grimoire {highlevel, unknown}

   This book is beyond your current level of understanding.

   Spells                             Type                      Level
   Aura of Abjuration                 Summoning                    6
   Forceful Dismissal                 Summoning                    6
   Summon Greater Demon               Summoning                    7
   Malign Gateway                     Summoning/Translocation      7
   Summon Horrible Things             Summoning                    8
 M - a book of Burglary

   Spells                             Type                      Level
   Swiftness                          Charms/Air                   2
   Passwall                           Transmutation/Earth          3
   Passage of Golubria                Translocation                4
   Lee's Rapid Deconstruction         Earth                        5
   Invisibility                       Hexes                        6
   Darkness                           Hexes                        7


   Skills:
 + Level 2.7 Fighting
 + Level 3.5 Short Blades
 * Level 10.5 Dodging
 * Level 20.0 Stealth
 + Level 7.5 Spellcasting
 * Level 15.5 Hexes
 + Level 5.7 Ice Magic


You had 17 spell levels left.
You knew the following spells:

 Your Spells              Type           Power        Failure   Level  Hunger
a - Corona                Hex            ######.      0%          1    None
b - Ensorcelled Hibernat  Hex/Ice        ######       1%          2    None
c - Confuse               Hex            ######..     1%          3    None
d - Enslavement           Hex            ######..     1%          4    ###....


Dungeon Overview and Level Annotations

Branches:
Dungeon (8/15)             Temple (1/1) D:5            Lair (8/8) D:8
  Swamp (0/5) Lair:5       Spider (0/5) Lair:5        Slime (0/6) Lair:8

Altars:
Ashenzari
Cheibriados
Dithmenos
Elyvilon
Fedhas
Gozag
Kikubaaqudgha
Makhleb
Nemelex Xobeh
Okawaru
Qazlal
Ru
Sif Muna
Trog
Vehumet
Xom
Yredelemnul
Zin
The Shining One

Shops:
D:6 *

Annotations:
D:4 wvc's ghost, average DsGl
D:8 timbw's ghost, experienced TrSk
Lair:8 exclusion: oklob plant


Innate Abilities, Weirdness & Mutations

You heal slowly.
You can bottle blood from corpses.
You have razor-sharp teeth.
You have supernaturally acute eyesight.
You can survive without breathing.


Message History

Drink which item? (? for menu, Esc to quit)
Okay, then.
Read which item? (? for menu, Esc to quit)
Okay, then.
Unknown command.
Unknown command.
Casting: Enslavement
Confirm with . or Enter, or press ? or * to list all spells.
Okay, then.
Unknown command.
Unknown command.
A spriggan is nearby!
Unknown command.
Unknown command.
Drink which item? (? for menu, Esc to quit)
Okay, then.
Read which item? (? for menu, Esc to quit)
Okay, then.
The spriggan hits you with a dagger.
You die...

♣....♣..♣♣♣...♣
♣# ♣......♣♣
♣♣♣.♣ ♣♣..♣..♣
♣..♣ ♣♣.♣♣♣.♣
♣♣.i♣ ♣..♣ ♣r♣♣
..♣ ♣..♣ ♣ir♣
... ♣.♣♣ ♣.i♣♣
...$ ♣.♣♣ ♣♣r.♣
....♣
♣i@♣♣♣♣i.♣ .ih.
♣♣..♣♣..♣♣ .
♣..♣♣i♣♣ ♣
♣...i.♣ ♣♣
♣....♣♣ ♣.. ♣♣.
♣....♣♣ ..♣ ♣..
♣.....♣♣ ♣..♣
♣♣. ♣......♣
...♣ ♣..
♣......♣ ..♣
♣♣..


You could see a spriggan.

Vanquished Creatures
  5 hydras
  A griffon (Lair:5)
  3 black mambas
  10 spiny frogs
  5 komodo dragons
  11 blink frogs
  4 polar bears (Lair:8)
  2 fire drakes
  A spriggan druid (Lair:8)
  A boulder beetle (Lair:6)
  2 basilisks
  4 spriggans (Lair:8)
  10 redbacks (Lair:8)
  9 hippogriffs
  20 yaks
  15 wolves
  A steam dragon (Lair:7)
  Menkaure (D:5)
  3 mottled dragons (Lair:7)
  11 water moccasins
  6 orc warriors
  13 porcupines
  8 black bears
  6 ogres
  2 centaurs
  3 sky beasts
  12 crocodiles
  2 phantoms
  Sigmund (D:2)
  A boring beetle (Lair:8)
  16 giant frogs
  22 killer bees (D:8)
  7 wights (D:8)
  5 scorpions
  2 electric eels (Lair:7)
  7 goliath beetles
  7 crimson imps
  A quasit (D:8)
  A giant frog zombie (D:5)
  3 orc priests
  A giant frog skeleton (D:7)
  13 hounds
  8 orc wizards
  9 iguanas
  6 worker ants
  Ijyb (D:2)
  7 sheep
  66 green rats
  10 gnolls
  22 adders
  A giant mite (Lair:5)
  4 worms
  An adder zombie (D:6)
  5 giant geckos
  32 orcs
  2 bat skeletons (D:7)
  A bat zombie (D:8)
  9 giant cockroaches
  14 hobgoblins
  10 jackals
  10 quokkas
  2 ball pythons
  13 bats
  8 giant newts
  13 goblins
  18 kobolds
  A kobold skeleton (D:4)
  12 rats
  A rat skeleton (D:5)
544 creatures vanquished.

Vanquished Creatures (collateral kills)
  A griffon (Lair:7)
  A polar bear (Lair:8)
  5 yaks
  7 wolves
  2 black bears (Lair:8)
  An insubstantial wisp (Lair:5)
  3 sheep (Lair:7)
  6 green rats (Lair:3)
  A fungus (Lair:7)
27 creatures vanquished.

Vanquished Creatures (others)
  A fire vortex (Lair:3)
  A wolf (Lair:8)
  3 fungi
  2 plants
7 creatures vanquished.

Grand Total: 578 creatures vanquished

Notes
Turn   | Place    | Note
--------------------------------------------------------------
     0 | D:1      | ztt, the Vampire Enchanter, began the quest for the Orb.
     0 | D:1      | Reached XP level 1. HP: 13/13 MP: 3/3
   355 | D:1      | Reached XP level 2. HP: 14/19 MP: 4/4
   955 | D:2      | Reached skill level 5 in Hexes
   963 | D:2      | Learned a level 2 spell: Ensorcelled Hibernation
   981 | D:2      | Noticed Sigmund
  1055 | D:2      | Found a shadowy altar of Dithmenos.
  1110 | D:2      | Killed Sigmund
  1110 | D:2      | Reached skill level 5 in Stealth
  1110 | D:2      | Reached XP level 3. HP: 10/25 MP: 4/6
  1110 | D:2      | Reached XP level 4. HP: 12/31 MP: 4/7
  1402 | D:2      | Noticed Ijyb
  1413 | D:2      | Killed Ijyb
  1538 | D:2      | Reached skill level 6 in Stealth
  1538 | D:2      | Reached XP level 5. HP: 25/36 MP: 0/9
  2290 | D:3      | Learned a level 3 spell: Confuse
  2328 | D:3      | Found a sparkling altar of Nemelex Xobeh.
  2411 | D:3      | Reached skill level 1 in Ice Magic
  3050 | D:3      | Found a white marble altar of Elyvilon.
  3390 | D:4      | Reached skill level 1 in Fighting
  3390 | D:4      | Reached skill level 7 in Stealth
  3390 | D:4      | Reached XP level 6. HP: 41/43 MP: 8/11
  3448 | D:4      | Found a shattered altar of Ashenzari.
  3605 | D:4      | Found a bloodstained altar of Trog.
  3997 | D:4      | Noticed wvc's ghost (average DsGl)
  4081 | D:5      | Entered Level 5 of the Dungeon
  4083 | D:5      | Noticed Menkaure
  4091 | D:5      | Killed Menkaure
  4091 | D:5      | Reached skill level 8 in Stealth
  4092 | D:5      | Found an ancient bone altar of Kikubaaqudgha.
  4105 | D:5      | Found a staircase to the Ecumenical Temple.
  4110 | Temple   | Entered the Ecumenical Temple
  4155 | Temple   | Became a worshipper of Sif Muna the Loreminder
  4198 | D:5      | Reached XP level 7. HP: 48/48 MP: 10/13
  4588 | D:5      | Reached skill level 9 in Stealth
  4983 | D:6      | Found a snail-covered altar of Cheibriados.
  5254 | D:6      | Reached skill level 10 in Stealth
  5352 | D:6      | Reached XP level 8. HP: 54/54 MP: 12/16
  5376 | D:6      | Found Ohiott's Serpentskin Sales.
  5380 | D:6      | Reached skill level 5 in Dodging
  5432 | D:6      | Acquired Sif Muna's first power
  5489 | D:6      | Reached skill level 11 in Stealth
  5964 | D:6      | Reached skill level 12 in Stealth
  5964 | D:6      | Reached XP level 9. HP: 49/59 MP: 9/19
  6168 | D:6      | Found a burning altar of Makhleb.
  7094 | D:7      | Found an iron altar of Okawaru.
  7239 | D:7      | Found a sacrificial altar of Ru.
  7240 | D:7      | Found a glowing golden altar of the Shining One.
  7339 | D:7      | Found a basalt altar of Yredelemnul.
  7378 | D:8      | Noticed timbw's ghost (experienced TrSk)
  7615 | D:7      | Reached skill level 13 in Stealth
  7673 | D:7      | Acquired Sif Muna's second power
  7854 | D:8      | Found a staircase to the Lair.
  8014 | D:8      | Got a faintly humming chain mail
  8026 | D:8      | Identified the +5 chain mail of Forking Paths {+Blink rPois rN+} (You found it on level 8 of the Dungeon)
  8127 | D:8      | Found a deep blue altar of Sif Muna.
  8129 | D:8      | Found a stormy altar of Qazlal.
  8815 | D:8      | Reached XP level 10. HP: 52/67 MP: 16/21
  8889 | D:8      | Reached skill level 10 in Hexes
  8999 | D:8      | Reached skill level 14 in Stealth
  9066 | D:8      | Reached skill level 5 in Spellcasting
 10131 | D:8      | Found an iron altar of Okawaru.
 10735 | Lair:1   | Entered Level 1 of the Lair of Beasts
 10930 | Lair:1   | Reached skill level 15 in Stealth
 10986 | Lair:1   | Noticed an eight-headed hydra
 10994 | Lair:1   | Killed an eight-headed hydra
 11118 | Lair:1   | Reached XP level 11. HP: 73/73 MP: 13/23
 11720 | Lair:2   | Noticed a five-headed hydra
 11725 | Lair:2   | Killed a five-headed hydra
 11725 | Lair:2   | Reached skill level 16 in Stealth
 12202 | Lair:2   | Learned a level 4 spell: Enslavement
 12744 | Lair:3   | Reached skill level 17 in Stealth
 13795 | Lair:4   | Got a faintly glowing lapis lazuli ring
 13811 | Lair:4   | Identified the ring "Aluad" {+Blink MR+} (You found it on level 4 of the Lair of Beasts)
 14305 | Lair:4   | Acquired Sif Muna's third power
 14660 | Lair:5   | Noticed a four-headed hydra
 14667 | Lair:5   | Killed a four-headed hydra
 15027 | Lair:5   | Found a labyrinth entrance.
 15069 | Lair:5   | Reached XP level 12. HP: 80/80 MP: 21/26
 15103 | Lair:5   | Found a hole to the Spider Nest.
 15477 | Lair:5   | Reached skill level 18 in Stealth
 15724 | Lair:5   | Noticed a five-headed hydra
 15728 | Lair:5   | Killed a five-headed hydra
 15728 | Lair:5   | Reached skill level 5 in Ice Magic
 15758 | Lair:5   | Found a staircase to the Swamp.
 18313 | Lair:7   | Reached skill level 19 in Stealth
 18907 | Lair:7   | Reached skill level 10 in Dodging
 19782 | Lair:7   | You fall through a shaft!
 19782 | Lair:8   | Entered Level 8 of the Lair of Beasts
 19827 | Lair:8   | Noticed a seven-headed hydra
 19831 | Lair:8   | Killed a seven-headed hydra
 19959 | Lair:8   | Reached skill level 15 in Hexes
 20633 | Lair:8   | Reached XP level 13. HP: 85/85 MP: 13/28
 20968 | Lair:8   | Found a staircase to the Slime Pits.
 23064 | Lair:8   | Reached skill level 20 in Stealth
 23170 | Lair:8   | HP: 4/85 [young spriggan druid/angry trees (13)]
 23174 | Lair:8   | Slain by a spriggan

Action                   |  1- 3 |  4- 6 |  7- 9 | 10-12 | 13-15 || total
-------------------------+-------+-------+-------+-------+-------++-------
Melee: Dagger            |    65 |   192 |   408 |   569 |    69 ||  1303
 Cast: Ensorcelled Hiber |     1 |    46 |   119 |   254 |    32 ||   452
       Confuse           |       |       |    35 |    71 |    27 ||   133
       Enslavement       |       |       |       |    43 |    14 ||    57
       Corona            |       |       |       |     1 |     2 ||     3
 Abil: Bottle Blood      |       |       |       |     1 |       ||     1
  Use: Scroll            |       |     8 |     9 |    10 |    13 ||    40
       Potion            |       |       |     1 |     5 |     3 ||     9
 Stab: Sleeping          |     6 |    47 |    95 |   218 |    21 ||   387
       Confused          |       |       |    14 |    32 |    10 ||    56
       Distracted        |       |       |       |     2 |     1 ||     3
  Eat: Corpse            |       |    10 |    18 |    16 |     2 ||    46
